 Seeded DCSS version 0.27.1 (webtiles) character file.

Game seed: 20210822 (custom seed)

39 mainiacjoe the Skirmisher (level 3, -2/30 HPs)
             Began as a Djinni Warper on Aug 22, 2021.
             Was a Follower of Jiyva.
             Slain by a gnoll (6 damage)
             ... on level 1 of the Dungeon.
             The game lasted 00:05:54 (1641 turns).

mainiacjoe the Skirmisher (Djinni Warper)           Turns: 1641, Time: 00:05:54

Health: -2/30      AC:  4    Str: 11    XL:     3   Next: 67%
Gold:   62         EV: 11    Int: 14    God:    Jiyva [*.....] SH:  0 Dex: 12

rFire    + + .     SeeInvis .   a - +0 falchion
rCold    x . .     Faith    +   (no shield)
rNeg     . . .     Spirit   .   j - +0 leather armour
rPois    ∞         Reflect  .   e - +0 helmet
rElec    .         Harm     .   (no cloak)
rCorr    .         Rampage  .   (no gloves)
Will     .....                  (boots unavailable)
Stlth    +.........             g - amulet of faith
HPRegen  0.10/turn              (no ring)
MPRegen  0.00/turn              (no ring)

@: flying
A: sickness immunity, fire resistance 2, cold vulnerability 1, float, innate
caster, hp casting, extra vitality 1
a: Renounce Religion, Request Jelly


You were on level 1 of the Dungeon.
You worshipped Jiyva.
Jiyva was aware of your devotion.
You visited 1 branch of the dungeon, and saw 2 of its levels.

You collected 62 gold pieces.

Inventory:

Hand Weapons
 a - a +0 falchion (weapon)
 b - a +0 hunting sling
 f - a +0 dagger of venom
Missiles
 d - 5 boomerangs of dispersal {=F}
 i - 15 stones
 k - 48 arrows
Armour
 e - a +0 helmet (worn)
 j - a +0 leather armour (worn)
Jewellery
 g - an amulet of faith (around neck)
Scrolls
 c - a scroll of blinking
 h - a scroll of noise {unknown}
 l - a scroll of magic mapping {unknown}
 m - 3 scrolls of teleportation {unknown}
 n - a scroll of vulnerability {unknown}


   Skills:
 + Level 3.0 Fighting
 + Level 2.7 Long Blades
 - Level 0.7 Throwing
 - Level 1.0 Armour
 - Level 2.1 Dodging
 - Level 2.4 Spellcasting


You couldn't memorise any spells.
You knew the following spells:

 Your Spells              Type           Power      Damage    Failure   Level
a - Blink                 Tloc           N/A        N/A       17%         2
b - Lesser Beckoning      Tloc           4%         N/A       32%         3
c - Gell's Gravitas       Tloc           4%         N/A       32%         3
d - Teleport Other        Tloc           8%         N/A       32%         3
e - Manifold Assault      Tloc           8%         N/A       97%         5
f - Apportation           Tloc           16%        N/A       11%         1
Your spell library was empty.

Dungeon Overview and Level Annotations

Branches:
Dungeon (2/15)

Altars:
Jiyva


Innate Abilities, Weirdness & Mutations

You are immune to sickness and miasma.
You are immune to poison.
Your flesh is very heat resistant. (rF++)
You are vulnerable to cold. (rC-)
You float through the air rather than walking.
You learn spells naturally, not from books.
Your magical power is your life essence.
You have superior vitality. (+4 HP)


Message History

The quokka closely misses you.
You hit the quokka.
You kill the quokka!
You start resting.
You hear a distant slurping noise.
Jiyva appreciates your sacrifice.
You hear a distant slurping noise.
Jiyva appreciates your sacrifice.
You hear a series of splatters.
You hear a distant slurping noise.
HP restored.
Jiyva says: Divide and consume!
There is a stone staircase leading down here.
You fly downwards.
The gnoll shaman shouts!
The gnoll shouts! x2
A gnoll comes into view. It is wielding a +0 halberd.
There is a stone staircase leading up here.
The gnoll shouts!
The gnoll hits you but does no damage.
The gnoll shaman hits you with a +0 club.
The gnoll hits you from afar with a +0 halberd.
You fly upwards.
There is a stone staircase leading down here.
The jelly hits the gnoll shaman but does no damage.
The gnoll shaman hits you with a +0 club!
The gnoll hits you with a +0 club.
* * * LOW HITPOINT WARNING * * *
You barely miss the gnoll. The gnoll shaman barely misses you.
The gnoll hits you with a +0 club.
* * * LOW HITPOINT WARNING * * *
You slash the gnoll!
The gnoll is heavily wounded.
The gnoll shaman misses you. The gnoll closely misses you.
You riposte.
You barely miss the gnoll.
The gnoll is heavily wounded.
You closely miss the gnoll.
The gnoll is heavily wounded.
The gnoll shaman calls upon its god to heal the gnoll.
The gnoll is healed somewhat.
The gnoll hits you with a +0 club.
You die...

# ###...########.........#
####.....########.........#
##....#....................#
####..##...##########.........#
.....###..######.......>......#
.#####...## #....############.#
........#####....# #.#
#.####.##........##### #.#
...###.#..#####.@....## #.#
...#.....## ##..gg....## #.#
...#..#### #..........# #.#
...#..# #..........# #.#
####### #..........# ##.# #
#..........# ##..# ###
#.J........# #..## ..#
##........## #.## #.###
##........## #†#


You could see a gnoll shaman, a gnoll and a neutral jelly (wandering) (fellow
slime).

Vanquished Creatures
  A dart slug (D:2)
  3 bats
  2 endoplasms (D:1)
  A giant cockroach (D:1)
  3 hobgoblins (D:1)
  5 jackals (D:1)
  2 quokkas (D:1)
  2 ball pythons (D:1)
  A frilled lizard (D:2)
  5 goblins
  3 kobolds (D:1)
  5 rats
33 creatures vanquished.

Vanquished Creatures (others)
  A dart slug (D:2)
  An endoplasm (D:2)
  A ball python (D:2)
  A quokka (D:2)
  A frilled lizard (D:2)
  A goblin (D:2)
6 creatures vanquished.

Grand Total: 39 creatures vanquished

Notes
Turn   | Place    | Note
-------+----------+-------------------------------------------
     0 | D:1      | mainiacjoe the Djinni Warper began the quest for the Orb.
     0 | D:1      | Reached XP level 1. HP: 18/18 MP: 0/0
    69 | D:1      | Reached XP level 2. HP: 9/23 MP: 0/0
   442 | D:1      | Reached XP level 3. HP: 20/29 MP: 0/0
   442 | D:1      | Learned a level 1 spell: Apportation
   960 | D:1      | Found a faded altar of an unknown god.
   965 | D:1      | Became a worshipper of Jiyva Jokitos the Shapeless
   965 | D:1      | Reached * piety under Jiyva
  1264 | D:2      | Reached skill level 3 in Fighting
  1322 | D:1      | HP: 1/30 [quokka (2)]
  1641 | D:1      | Slain by a gnoll

Illustrated notes

Levels and vault maps discovered:
D:1:      dpeg_arrival_short_road, layout_rooms,
          hellmonk_ecumenical_altar_leap_of_faith
D:2:      layout_loops_ring, serial_glass, glass_columns_a, glass_columns_a

Skill      XL: |  1  2  3 |
---------------+----------+-----
Long Blades    | 2 |  2.7
Fighting       | 3 |  3.0
Throwing       | |  0.7
Armour         | |  1.0
Dodging        | |  2.1
Spellcasting   | |  2.4

Action                   || total
-------------------------++-------
Melee: Falchion          ||    37
       Dagger            ||    44
 Fire: Hunting sling     ||    43
Throw: Stone             ||    12
 Cast: Blink             ||     1
Armor: Leather armour    ||    45
Dodge: Dodged            ||    70
       Rpst.: Falchion   ||     8
